1972 views
Uploaded 2023-02-25 03:31:49
Game version 1.35 (6115)
68:57 long 2on2 ladder game on (4)rustycreek_v1.1 s3
Saved by GIGA
1972 views
Uploaded 2023-02-25 03:31:49
Game version 1.35 (6115)
68:57 long 2on2 ladder game on (4)rustycreek_v1.1 s3


131 units @ 18.5k
/ 2.8k
93 buildings @ 14.7k
/ 8.7k

| Healing Salve | 1 | 100 |
| Lesser Clarity Potion | 1 | 70 |
| Scroll of Speed | 1 | 50 |
| Orb of Lightning | 1 | 375 |
| total: | 4 | 595g |
| Peon | 9 | 675 | / | 0 |
| Grunt | 8 | 1600 | / | 0 |
| Shaman | 5 | 650 | / | 100 |
| Tauren | 1 | 280 | / | 80 |
| total: | 23 | 3205g | / | 180w |
| Watch Tower | 7 | 770 | / | 560 |
| Altar of Storms | 1 | 180 | / | 50 |
| Orc Burrow | 5 | 800 | / | 200 |
| Barracks | 1 | 180 | / | 50 |
| War Mill | 1 | 205 | / | 0 |
| Voodoo Lounge | 1 | 130 | / | 30 |
| Spirit Lodge | 1 | 150 | / | 150 |
| Tauren Totem | 1 | 135 | / | 155 |
| Stronghold | 1 | 315 | / | 190 |
| Fortress | 1 | 325 | / | 190 |
| total: | 18 | 2550g | / | 1195w |
| 0:04 | Peon |
| 0:04 | Peon |
| 0:04 | Peon |
| 0:23 | Altar of Storms |
| 0:27 | Peon |
| 0:27 | Peon |
| 0:37 | Orc Burrow |
| 0:52 | Barracks |
| 1:03 | Peon |
| 1:57 | Grunt |
| 2:03 | Orc Burrow |
| 2:11 | War Mill |
| 2:14 | Grunt |
| 2:25 | War Stomp |
| 3:29 | Grunt |
| 3:30 | Grunt |
| 3:42 | Watch Tower |
| 3:46 | Watch Tower |
| 3:50 | Watch Tower |
| 4:15 | Endurance Aura |
| 5:21 | Stronghold |
| 5:22 | Steel Armor |
| 5:24 | Spiked Barricades |
| 6:17 | Voodoo Lounge |
| 6:25 | Steel Melee Weapons |
| 7:09 | War Stomp |
| 7:30 | Steel Ranged Weapons |
| 7:35 | Healing Salve |
| 7:35 | Lesser Clarity Potion |
| 7:36 | Scroll of Speed |
| 8:11 | Fortress |
| 8:13 | Berserker Strength |
| 9:16 | Watch Tower |
| 9:17 | Watch Tower |
| 9:18 | Watch Tower |
| 9:19 | Watch Tower |
| 10:33 | Orc Burrow |
| 10:43 | Peon |
| 10:43 | Peon |
| 10:43 | Peon |
| 10:48 | Spirit Lodge |
| 11:48 | Thorium Armor |
| 11:51 | Endurance Aura |
| 12:03 | Pillage |
| 12:18 | Grunt |
| 12:19 | Grunt |
| 12:19 | Grunt |
| 12:19 | Grunt |
| 12:29 | Orc Burrow |
| 12:31 | Orc Burrow |
| 13:05 | Shaman |
| 13:06 | Shaman Adept Training |
| 13:58 | Orb of Lightning |
| 14:37 | Arcanite Armor |
| 15:02 | Shaman Master Training |
| 15:52 | Thorium Melee Weapons |
| 15:56 | Shaman |
| 15:56 | Shaman |
| 15:56 | Shaman |
| 15:57 | Shaman |
| 16:26 | Tauren Totem |
| 19:28 | Tauren |
| 20:06 | Reinforced Defenses |
| Right click | 1052 |
| Select | 366 |
| Build/train/purchase | 75 |
| Misc. action | 38 |
| Minimap ping | 25 |
| Use ability | 9 |
TriFract
(68:52) : 

| Lesser Clarity Potion | 1 | 70 |
| Potion of Mana | 1 | 200 |
| Potion of Healing | 1 | 150 |
| Scroll of Healing | 4 | 1000 |
| Scroll of Town Portal | 1 | 350 |
| Potion of Lesser Invulnerability | 7 | 1050 |
| Staff of Teleportation | 1 | 150 |
| Boots of Speed | 3 | 750 |
| Healing Salve | 2 | 200 |
| Scroll of Speed | 1 | 50 |
| total: | 22 | 3970g |
| Wisp | 53 | 3180 | / | 0 |
| Archer | 3 | 390 | / | 30 |
| Druid of the Claw | 8 | 2040 | / | 640 |
| Chimaera | 9 | 2970 | / | 630 |
| Mountain Giant | 2 | 700 | / | 200 |
| Hippogryph | 4 | 640 | / | 80 |
| Troll Batrider | 11 | 1760 | / | 440 |
| Wind Rider | 7 | 1855 | / | 280 |
| Troll Headhunter | 5 | 700 | / | 100 |
| Shaman | 3 | 390 | / | 60 |
| Spirit Walker | 2 | 390 | / | 70 |
| Kodo Beast | 1 | 255 | / | 60 |
| total: | 108 | 15270g | / | 2590w |
| Ancient Protector | 17 | 2295 | / | 1360 |
| Ancient of War | 1 | 150 | / | 60 |
| Moon Well | 7 | 1260 | / | 280 |
| Altar of Elders | 1 | 180 | / | 50 |
| Hunter's Hall | 3 | 630 | / | 300 |
| Ancient of Wonders | 1 | 90 | / | 30 |
| Tree of Life | 7 | 2380 | / | 1295 |
| Ancient of Lore | 4 | 620 | / | 580 |
| Ancient of Wind | 3 | 450 | / | 420 |
| Chimaera Roost | 4 | 560 | / | 760 |
| Tree of Ages | 4 | 1280 | / | 720 |
| Tree of Eternity | 3 | 990 | / | 600 |
| Watch Tower | 18 | 1980 | / | 1440 |
| Great Hall | 1 | 385 | / | 185 |
| Voodoo Lounge | 1 | 130 | / | 30 |
| Orc Burrow | 3 | 480 | / | 120 |
| Beastiary | 4 | 580 | / | 560 |
| Stronghold | 1 | 315 | / | 190 |
| total: | 75 | 12170g | / | 7470w |
| 0:01 | Wisp |
| 0:01 | Wisp |
| 0:10 | Ancient of War |
| 0:16 | Moon Well |
| 0:18 | Wisp |
| 0:19 | Wisp |
| 0:27 | Wisp |
| 0:38 | Altar of Elders |
| 0:44 | Wisp |
| 0:58 | Wisp |
| 1:10 | Archer |
| 1:14 | Wisp |
| 1:26 | Moon Well |
| 1:30 | Wisp |
| 1:37 | Wisp |
| 1:43 | Archer |
| 2:26 | Wisp |
| 2:44 | Tree of Ages |
| 3:04 | Breath of Fire |
| 3:09 | Hunter's Hall |
| 3:14 | Archer |
| 3:28 | Moon Well |
| 3:30 | Moon Well |
| 4:03 | Drunken Haze |
| 5:07 | Wisp |
| 5:07 | Wisp |
| 5:13 | Ancient of Lore |
| 5:19 | Breath of Fire |
| 5:38 | Tree of Eternity |
| 5:46 | Rain of Fire |
| 5:58 | Ancient of Lore |
| 6:17 | Ancient of Wonders |
| 6:27 | Moon Well |
| 6:29 | Druid of the Claw |
| 7:02 | Druid of the Claw Adept Training |
| 7:13 | Druid of the Claw |
| 7:21 | Potion of Lesser Invulnerability |
| 7:33 | Druid of the Claw |
| 7:48 | Druid of the Claw |
| 8:09 | Cleaving Attack |
| 8:21 | Druid of the Claw |
| 8:22 | Druid of the Claw Master Training |
| 8:59 | Wisp |
| 9:24 | Druid of the Claw |
| 9:27 | Chimaera Roost |
| 9:38 | Wisp |
| 10:49 | Chimaera Roost |
| 10:55 | Tree of Life |
| 11:45 | Drunken Haze |
| 12:16 | Moon Well |
| 12:31 | Strength of the Wild |
| 12:32 | Well Spring |
| 12:33 | Improved Strength of the Wild |
| 12:33 | Reinforced Hides |
| 12:41 | Wisp |
| 13:06 | Moon Well |
| 13:26 | Ancient of Wind |
| 13:38 | Rain of Fire |
| 13:59 | Wisp |
| 14:03 | Tree of Life |
| 14:07 | Wisp |
| 14:18 | Wisp |
| 14:18 | Wisp |
| 14:18 | Wisp |
| 14:19 | Wisp |
| 14:19 | Wisp |
| 15:54 | Chimaera |
| 15:56 | Mountain Giant |
| 15:58 | Hippogryph |
| 16:40 | Chimaera |
| 16:43 | Corrosive Breath |
| 17:15 | Wisp |
| 17:15 | Wisp |
| 17:15 | Wisp |
| 17:15 | Wisp |
| 17:15 | Wisp |
| 17:27 | Advanced Strength of the Wild |
| 17:28 | Improved Reinforced Hides |
| 18:10 | Scroll of Healing |
| 18:20 | Scroll of Healing |
| 18:20 | Potion of Lesser Invulnerability |
| 19:16 | Mountain Giant |
| 19:17 | Hardened Skin |
| 19:37 | Ancient Protector |
| 19:40 | Ancient Protector |
| 19:42 | Wisp |
| 19:42 | Wisp |
| 20:06 | Tree of Life |
| 20:43 | Ancient Protector |
| 20:46 | Ancient Protector |
| 20:51 | Staff of Teleportation |
| 21:24 | Ancient Protector |
| 21:26 | Ancient Protector |
| 21:48 | Ancient Protector |
| 21:49 | Wisp |
| 21:49 | Wisp |
| 21:59 | Ancient Protector |
| 22:12 | Chimaera |
| 22:21 | Ancient Protector |
| 23:28 | Ancient Protector |
| 23:54 | Beastiary |
| 23:57 | Beastiary |
| 24:20 | Tree of Life |
| 24:39 | Wisp |
| 24:39 | Wisp |
| 24:49 | Breath of Fire |
| 25:02 | Watch Tower |
| 25:04 | Watch Tower |
| 25:05 | Watch Tower |
| 25:08 | Watch Tower |
| 25:22 | Troll Batrider |
| 25:22 | Wind Rider |
| 25:29 | Tree of Life |
| 25:36 | Watch Tower |
| 25:41 | Watch Tower |
| 25:48 | Ancient Protector |
| 25:50 | Wisp |
| 25:50 | Wisp |
| 25:53 | Ancient Protector |
| 26:05 | Hunter's Hall |
| 26:12 | Hunter's Hall |
| 26:16 | Ancient Protector |
| 26:18 | Ancient Protector |
| 26:26 | Watch Tower |
| 26:28 | Watch Tower |
| 26:34 | Watch Tower |
| 26:37 | Watch Tower |
| 26:44 | Wisp |
| 26:45 | Wisp |
| 26:45 | Wisp |
| 26:45 | Wisp |
| 26:57 | Envenomed Spears |
| 26:57 | Wind Rider |
| 27:00 | Troll Batrider |
| 27:48 | Ancient Protector |
| 28:10 | Ancient Protector |
| 28:26 | Tree of Ages |
| 28:29 | Ancient Protector |
| 28:33 | Wisp |
| 28:34 | Wisp |
| 28:37 | Tree of Ages |
| 28:42 | Wisp |
| 28:42 | Wisp |
| 29:02 | Watch Tower |
| 29:07 | Watch Tower |
| 29:14 | Watch Tower |
| 29:49 | Wisp |
| 31:04 | Watch Tower |
| 31:39 | Great Hall |
| 31:50 | Tree of Eternity |
| 31:56 | Ancient of Wind |
| 33:24 | Watch Tower |
| 34:49 | Tree of Life |
| 34:52 | Wisp |
| 34:52 | Wisp |
| 34:52 | Wisp |
| 34:52 | Wisp |
| 34:53 | Wisp |
| 35:08 | Stronghold |
| 35:23 | Watch Tower |
| 36:09 | War Stomp |
| 37:04 | Troll Headhunter |
| 37:04 | Troll Headhunter |
| 37:09 | Voodoo Lounge |
| 37:15 | Wisp |
| 37:15 | Wisp |
| 37:15 | Wisp |
| 37:31 | Lesser Clarity Potion |
| 37:31 | Healing Salve |
| 37:34 | Potion of Mana |
| 37:39 | Beastiary |
| 37:41 | Beastiary |
| 37:43 | Shaman |
| 37:44 | Shaman |
| 37:53 | Spirit Walker |
| 37:53 | Spirit Walker |
| 38:02 | Potion of Healing |
| 38:03 | Scroll of Speed |
| 38:15 | Tree of Life |
| 38:32 | Shaman |
| 38:46 | Troll Headhunter |
| 38:46 | Troll Headhunter |
| 38:58 | Kodo Beast |
| 39:09 | Troll Batrider |
| 39:09 | Troll Batrider |
| 39:22 | Troll Batrider |
| 39:56 | Troll Batrider |
| 40:04 | Scroll of Town Portal |
| 40:30 | Troll Batrider |
| 41:33 | Orc Burrow |
| 41:35 | Orc Burrow |
| 42:19 | Troll Headhunter |
| 42:21 | Wind Rider |
| 42:37 | Orc Burrow |
| 42:42 | Tree of Ages |
| 42:46 | Potion of Lesser Invulnerability |
| 42:57 | Scroll of Healing |
| 43:03 | Boots of Speed |
| 43:10 | Boots of Speed |
| 43:42 | Wind Rider |
| 43:43 | Troll Batrider |
| 45:15 | Wind Rider |
| 45:30 | Cleaving Attack |
| 46:08 | Storm Earth and Fire |
| 47:05 | Troll Batrider |
| 47:06 | Troll Batrider |
| 47:56 | Wind Rider |
| 48:07 | Potion of Lesser Invulnerability |
| 48:08 | Scroll of Healing |
| 48:38 | Tree of Eternity |
| 49:06 | Wind Rider |
| 49:10 | Troll Batrider |
| 49:18 | Ancient of Lore |
| 49:21 | Ancient of Lore |
| 49:40 | Ancient of Wind |
| 50:12 | Steel Ranged Weapons |
| 50:35 | Potion of Lesser Invulnerability |
| 50:35 | Boots of Speed |
| 50:45 | Hippogryph |
| 50:45 | Hippogryph |
| 50:48 | Druid of the Claw |
| 50:50 | Druid of the Claw |
| 51:04 | Chimaera Roost |
| 51:07 | Chimaera Roost |
| 51:39 | Hippogryph |
| 52:31 | Chimaera |
| 52:32 | Chimaera |
| 52:35 | Chimaera |
| 54:32 | Chimaera |
| 55:36 | Chimaera |
| 55:42 | Healing Salve |
| 56:31 | Chimaera |
| 56:42 | Potion of Lesser Invulnerability |
| 59:47 | Potion of Lesser Invulnerability |
| 60:58 | Ultravision |
| 63:14 | Watch Tower |
| 63:20 | Watch Tower |
| Select group | 6723 |
| Right click | 5203 |
| Select | 2013 |
| Build/train/purchase | 349 |
| Misc. action | 291 |
| Use ability | 202 |
| Assign group | 120 |
| Chat | 120 |
| Resource trade | 76 |
| Minimap ping | 9 |
| Item give/drop | 8 |
| Esc | 8 |
| Remove unit | 4 |
117 units @ 12.7k
/ 2.6k
135 buildings @ 8.8k
/ 4.5k
GIGA
(207)
(68:53) : 

| Scroll of Regeneration | 1 | 100 |
| Lesser Clarity Potion | 1 | 70 |
| Staff of Sanctuary | 1 | 250 |
| total: | 3 | 420g |
| Peasant | 17 | 1275 | / | 0 |
| Footman | 4 | 540 | / | 0 |
| Flying Machine | 54 | 5400 | / | 1620 |
| Mortar Team | 2 | 360 | / | 140 |
| Dragonhawk Rider | 4 | 800 | / | 120 |
| Sorceress | 3 | 465 | / | 60 |
| Siege Engine | 3 | 585 | / | 180 |
| Assassin | 1 | 250 | / | 30 |
| total: | 88 | 9675g | / | 2150w |
| Scout Tower | 36 | 1080 | / | 720 |
| Arcane Tower | 13 | 910 | / | 650 |
| Guard Tower | 13 | 910 | / | 650 |
| Altar of Kings | 1 | 180 | / | 50 |
| Farm | 11 | 880 | / | 220 |
| Barracks | 1 | 160 | / | 60 |
| Lumber Mill | 2 | 240 | / | 0 |
| Arcane Vault | 2 | 260 | / | 60 |
| Blacksmith | 1 | 140 | / | 60 |
| Town Hall | 2 | 770 | / | 410 |
| Workshop | 3 | 420 | / | 420 |
| Gryphon Aviary | 1 | 140 | / | 150 |
| Arcane Sanctum | 1 | 150 | / | 140 |
| Keep | 1 | 320 | / | 210 |
| Castle | 1 | 360 | / | 210 |
| total: | 61 | 4420g | / | 2290w |
| 0:03 | Peasant |
| 0:04 | Peasant |
| 0:07 | Altar of Kings |
| 0:09 | Peasant |
| 0:13 | Farm |
| 0:20 | Peasant |
| 0:31 | Peasant |
| 0:48 | Barracks |
| 0:55 | Lumber Mill |
| 1:05 | Farm |
| 1:16 | Peasant |
| 1:28 | Peasant |
| 1:41 | Scout Tower |
| 1:43 | Peasant |
| 1:43 | Peasant |
| 1:50 | Farm |
| 1:53 | Footman |
| 1:57 | Peasant |
| 2:08 | Peasant |
| 2:19 | Arcane Vault |
| 2:25 | Arcane Tower |
| 2:29 | Arcane Vault |
| 2:39 | Storm Bolt |
| 3:08 | Footman |
| 3:09 | Keep |
| 3:21 | Footman |
| 3:42 | Improved Lumber Harvesting |
| 3:56 | Bash |
| 4:56 | Footman |
| 4:59 | Farm |
| 5:17 | Scout Tower |
| 5:20 | Scout Tower |
| 5:25 | Scroll of Regeneration |
| 5:33 | Lesser Clarity Potion |
| 5:38 | Castle |
| 5:40 | Improved Masonry |
| 5:44 | Defend |
| 5:52 | Scout Tower |
| 5:53 | Scout Tower |
| 5:56 | Guard Tower |
| 5:58 | Arcane Tower |
| 6:28 | Storm Bolt |
| 6:43 | Assassin |
| 6:57 | Scout Tower |
| 6:58 | Scout Tower |
| 6:58 | Scout Tower |
| 7:15 | Holy Light |
| 8:05 | Guard Tower |
| 8:06 | Advanced Masonry |
| 8:51 | Scout Tower |
| 8:52 | Scout Tower |
| 8:53 | Scout Tower |
| 8:56 | Blacksmith |
| 9:00 | Farm |
| 9:26 | Guard Tower |
| 9:29 | Arcane Tower |
| 9:34 | Guard Tower |
| 9:40 | Workshop |
| 9:44 | Workshop |
| 9:57 | Peasant |
| 9:58 | Peasant |
| 10:16 | Imbued Masonry |
| 10:19 | Black Gunpowder |
| 10:35 | Farm |
| 10:36 | Farm |
| 10:38 | Peasant |
| 10:48 | Flying Machine |
| 10:48 | Flying Machine |
| 10:55 | Flak Cannons |
| 11:22 | Flying Machine Bombs |
| 11:23 | Flying Machine |
| 11:28 | Farm |
| 11:49 | Farm |
| 11:52 | Lumber Mill |
| 11:59 | Flying Machine |
| 12:11 | Refined Gunpowder |
| 12:25 | Farm |
| 12:26 | Flying Machine |
| 12:27 | Flying Machine |
| 12:46 | Farm |
| 12:47 | Flying Machine |
| 13:23 | Flying Machine |
| 13:25 | Mortar Team |
| 13:30 | Mortar Team |
| 13:42 | Imbued Gunpowder |
| 14:13 | Flying Machine |
| 14:13 | Flying Machine |
| 14:21 | Fragmentation Shards |
| 14:22 | Flare |
| 14:33 | Peasant |
| 14:50 | Flying Machine |
| 15:27 | Town Hall |
| 16:11 | Iron Plating |
| 17:06 | Flying Machine |
| 17:06 | Flying Machine |
| 17:06 | Flying Machine |
| 17:07 | Flying Machine |
| 17:07 | Flying Machine |
| 17:07 | Flying Machine |
| 17:07 | Flying Machine |
| 17:16 | Workshop |
| 17:20 | Peasant |
| 17:20 | Peasant |
| 17:29 | Scout Tower |
| 17:32 | Scout Tower |
| 17:35 | Scout Tower |
| 17:40 | Scout Tower |
| 17:54 | Flying Machine |
| 18:17 | Arcane Tower |
| 18:18 | Arcane Tower |
| 18:19 | Guard Tower |
| 18:33 | Flying Machine |
| 18:33 | Flying Machine |
| 18:33 | Flying Machine |
| 18:36 | Flying Machine |
| 18:36 | Flying Machine |
| 18:38 | Flying Machine |
| 19:17 | Steel Plating |
| 19:36 | Flying Machine |
| 19:36 | Flying Machine |
| 19:36 | Flying Machine |
| 19:37 | Flying Machine |
| 19:37 | Flying Machine |
| 20:13 | Gryphon Aviary |
| 20:26 | Divine Shield |
| 22:16 | Flying Machine |
| 22:16 | Flying Machine |
| 22:16 | Flying Machine |
| 23:53 | Holy Light |
| 24:19 | Flying Machine |
| 24:19 | Flying Machine |
| 24:19 | Flying Machine |
| 24:19 | Flying Machine |
| 24:19 | Flying Machine |
| 24:20 | Flying Machine |
| 24:39 | Cloud |
| 24:39 | Dragonhawk Rider |
| 24:39 | Dragonhawk Rider |
| 25:19 | Mithril Plating |
| 26:18 | Flying Machine |
| 28:29 | Arcane Sanctum |
| 28:31 | Dragonhawk Rider |
| 28:31 | Dragonhawk Rider |
| 32:02 | Storm Bolt |
| 32:09 | Devotion Aura |
| 37:44 | Scout Tower |
| 37:45 | Scout Tower |
| 37:45 | Scout Tower |
| 37:46 | Scout Tower |
| 37:46 | Scout Tower |
| 37:48 | Scout Tower |
| 37:49 | Scout Tower |
| 37:52 | Town Hall |
| 38:05 | Scout Tower |
| 38:12 | Arcane Tower |
| 38:14 | Scout Tower |
| 38:15 | Scout Tower |
| 38:17 | Arcane Tower |
| 38:18 | Arcane Tower |
| 38:20 | Arcane Tower |
| 38:22 | Scout Tower |
| 38:25 | Scout Tower |
| 38:27 | Scout Tower |
| 38:29 | Guard Tower |
| 38:31 | Scout Tower |
| 38:38 | Guard Tower |
| 38:42 | Arcane Tower |
| 38:43 | Guard Tower |
| 38:49 | Scout Tower |
| 38:53 | Arcane Tower |
| 38:54 | Guard Tower |
| 39:30 | Guard Tower |
| 39:53 | Guard Tower |
| 39:56 | Guard Tower |
| 39:58 | Scout Tower |
| 39:59 | Scout Tower |
| 40:02 | Scout Tower |
| 40:46 | Flying Machine |
| 40:46 | Flying Machine |
| 40:49 | Flying Machine |
| 42:43 | Guard Tower |
| 42:45 | Scout Tower |
| 42:47 | Scout Tower |
| 42:49 | Scout Tower |
| 44:09 | Arcane Tower |
| 44:12 | Arcane Tower |
| 46:28 | Divine Shield |
| 47:00 | Flying Machine |
| 47:00 | Flying Machine |
| 47:03 | Flying Machine |
| 48:34 | Sorceress Adept Training |
| 48:35 | Sorceress |
| 48:35 | Sorceress |
| 49:59 | Barrage |
| 50:01 | Siege Engine |
| 50:01 | Siege Engine |
| 52:17 | Siege Engine |
| 54:43 | Sorceress |
| 56:28 | Flying Machine |
| 56:28 | Flying Machine |
| 56:29 | Flying Machine |
| 56:29 | Flying Machine |
| 56:53 | Staff of Sanctuary |
| 57:17 | Flying Machine |
| 58:15 | Avatar |
| 59:41 | Flying Machine |
| 59:41 | Flying Machine |
| 59:41 | Flying Machine |
| 66:56 | Holy Light |
| Right click | 4814 |
| Select group | 3337 |
| Select | 813 |
| Chat | 180 |
| Build/train/purchase | 178 |
| Use ability | 89 |
| Assign group | 47 |
| Resource trade | 44 |
| Minimap ping | 23 |
| Misc. action | 22 |
| Item give/drop | 2 |
| Remove unit | 1 |
| Esc | 1 |



| Scroll of Regeneration | 1 | 100 |
| Staff of Sanctuary | 3 | 750 |
| Orb of Fire | 3 | 975 |
| Boots of Speed | 4 | 1000 |
| total: | 11 | 2825g |
| Peasant | 18 | 1350 | / | 0 |
| Footman | 3 | 405 | / | 0 |
| Mortar Team | 6 | 1080 | / | 420 |
| Flying Machine | 2 | 200 | / | 60 |
| total: | 29 | 3035g | / | 480w |
| Scout Tower | 50 | 1500 | / | 1000 |
| Arcane Tower | 3 | 210 | / | 150 |
| Guard Tower | 18 | 1260 | / | 900 |
| Altar of Kings | 2 | 360 | / | 100 |
| Barracks | 1 | 160 | / | 60 |
| Farm | 13 | 1040 | / | 260 |
| Arcane Vault | 2 | 260 | / | 60 |
| Lumber Mill | 1 | 120 | / | 0 |
| Town Hall | 1 | 385 | / | 205 |
| Blacksmith | 1 | 140 | / | 60 |
| Workshop | 3 | 420 | / | 420 |
| Keep | 2 | 640 | / | 420 |
| Castle | 1 | 360 | / | 210 |
| total: | 74 | 4385g | / | 2165w |
| 0:05 | Peasant |
| 0:05 | Peasant |
| 0:21 | Altar of Kings |
| 0:22 | Peasant |
| 0:34 | Barracks |
| 0:36 | Farm |
| 0:37 | Peasant |
| 0:52 | Peasant |
| 1:03 | Farm |
| 1:07 | Peasant |
| 1:16 | Peasant |
| 1:28 | Peasant |
| 1:35 | Farm |
| 1:47 | Footman |
| 1:59 | Scout Tower |
| 2:01 | Peasant |
| 2:24 | Storm Bolt |
| 2:37 | Footman |
| 2:39 | Peasant |
| 2:52 | Arcane Tower |
| 2:57 | Footman |
| 3:08 | Arcane Vault |
| 3:37 | Farm |
| 3:40 | Peasant |
| 3:40 | Peasant |
| 4:00 | Bash |
| 4:19 | Scout Tower |
| 4:21 | Scout Tower |
| 4:56 | Scout Tower |
| 5:00 | Scout Tower |
| 5:01 | Scout Tower |
| 5:05 | Lumber Mill |
| 5:15 | Scout Tower |
| 5:16 | Scout Tower |
| 5:16 | Scout Tower |
| 5:17 | Scout Tower |
| 5:18 | Scout Tower |
| 5:19 | Scout Tower |
| 5:23 | Peasant |
| 5:26 | Guard Tower |
| 5:28 | Guard Tower |
| 5:29 | Scout Tower |
| 5:30 | Scout Tower |
| 5:32 | Scout Tower |
| 5:32 | Scout Tower |
| 5:34 | Guard Tower |
| 6:25 | Guard Tower |
| 6:34 | Guard Tower |
| 6:43 | Scout Tower |
| 6:44 | Scout Tower |
| 6:44 | Scout Tower |
| 6:58 | Guard Tower |
| 7:00 | Scout Tower |
| 7:02 | Scout Tower |
| 7:05 | Scout Tower |
| 7:05 | Scout Tower |
| 7:37 | Guard Tower |
| 7:43 | Scout Tower |
| 7:44 | Scout Tower |
| 7:45 | Scout Tower |
| 7:46 | Scout Tower |
| 7:47 | Scout Tower |
| 7:48 | Scout Tower |
| 7:49 | Scout Tower |
| 8:04 | Guard Tower |
| 8:08 | Peasant |
| 8:09 | Peasant |
| 8:09 | Peasant |
| 8:44 | Keep |
| 8:46 | Improved Masonry |
| 8:46 | Improved Lumber Harvesting |
| 8:47 | Advanced Masonry |
| 9:07 | Scout Tower |
| 9:08 | Scout Tower |
| 9:09 | Scout Tower |
| 9:10 | Scout Tower |
| 9:10 | Scout Tower |
| 9:11 | Scout Tower |
| 9:12 | Scout Tower |
| 9:14 | Scout Tower |
| 9:40 | Guard Tower |
| 9:42 | Guard Tower |
| 9:53 | Guard Tower |
| 9:58 | Guard Tower |
| 10:00 | Scout Tower |
| 10:02 | Scout Tower |
| 10:06 | Scout Tower |
| 10:07 | Scout Tower |
| 10:09 | Guard Tower |
| 10:32 | Town Hall |
| 10:36 | Guard Tower |
| 10:51 | Guard Tower |
| 10:54 | Scout Tower |
| 10:55 | Scout Tower |
| 11:29 | Advanced Lumber Harvesting |
| 12:36 | Storm Bolt |
| 12:48 | Guard Tower |
| 13:16 | Guard Tower |
| 15:02 | Scout Tower |
| 15:18 | Scout Tower |
| 15:22 | Scout Tower |
| 15:41 | Arcane Tower |
| 16:03 | Scout Tower |
| 16:17 | Scout Tower |
| 16:31 | Guard Tower |
| 16:33 | Scout Tower |
| 17:01 | Arcane Tower |
| 17:30 | Keep |
| 18:32 | Farm |
| 18:33 | Farm |
| 20:05 | Altar of Kings |
| 20:06 | Farm |
| 20:22 | Bash |
| 20:25 | Bash |
| 20:55 | Castle |
| 21:28 | Blacksmith |
| 21:30 | Farm |
| 21:31 | Farm |
| 21:50 | Imbued Masonry |
| 22:00 | Holy Light |
| 23:25 | Workshop |
| 23:27 | Workshop |
| 23:29 | Workshop |
| 23:34 | Black Gunpowder |
| 23:41 | Peasant |
| 23:41 | Peasant |
| 25:04 | Mortar Team |
| 25:04 | Mortar Team |
| 25:26 | Fragmentation Shards |
| 25:26 | Flare |
| 25:27 | Mortar Team |
| 25:44 | Arcane Vault |
| 26:41 | Refined Gunpowder |
| 28:18 | Divine Shield |
| 28:51 | Flying Machine |
| 31:56 | Scroll of Regeneration |
| 32:17 | Mortar Team |
| 32:18 | Mortar Team |
| 32:21 | Mortar Team |
| 33:07 | Farm |
| 33:08 | Farm |
| 33:10 | Farm |
| 33:11 | Farm |
| 34:39 | Storm Bolt |
| 34:43 | Holy Light |
| 37:38 | Staff of Sanctuary |
| 37:40 | Orb of Fire |
| 40:15 | Boots of Speed |
| 40:17 | Boots of Speed |
| 40:29 | Orb of Fire |
| 40:29 | Staff of Sanctuary |
| 44:12 | Imbued Gunpowder |
| 44:55 | Holy Light |
| 47:12 | Boots of Speed |
| 47:12 | Boots of Speed |
| 47:39 | Orb of Fire |
| 47:40 | Staff of Sanctuary |
| 47:57 | Brilliance Aura |
| 49:48 | Studded Leather Armor |
| 60:49 | Flying Machine |
| 63:13 | Avatar |
| Right click | 3109 |
| Select group | 1640 |
| Select | 569 |
| Use ability | 167 |
| Build/train/purchase | 120 |
| Misc. action | 112 |
| Resource trade | 49 |
| Assign group | 26 |
| Minimap ping | 18 |
| Esc | 6 |
| Item give/drop | 5 |